 Dungeon Crawl Stone Soup version 0.23.2-1-ga50397a (webtiles) character file.

Game seed: 11527618155287468844

133 diana the Twirler (level 4, 0/34 HPs)
             Began as a Demonspawn Gladiator on May 19, 2019.
             Slain by Terence
             ... wielding a +0 trident
              (6 damage)
             ... on level 2 of the Dungeon.
             The game lasted 00:02:01 (1511 turns).

diana the Twirler (Demonspawn Gladiator)            Turns: 1511, Time: 00:02:01

Health: 0/34       AC:  8    Str: 15    XL:     4   Next: 93%
Magic:  4/4        EV: 11    Int: 10    God:
Gold:   59         SH:  0    Dex: 14    Spells: 3/3 levels left

rFire    . . .     SeeInvis .   a - +0 quarterstaff
rCold    . . .     Gourm    .   (shield currently unavailable)
rNeg     . . .     Faith    .   i - +1 scale mail {rPois}
rPois    +         Spirit   .   c - +0 helmet
rElec    .         Reflect  .   (no cloak)
rCorr    .         Harm     .   (no gloves)
MR       .....                  (no boots)
Stlth    ..........             (no amulet)
HPRegen  0.11/turn              (no ring)
MPRegen  0.09/turn              (no ring)

@: no status effects
A: rot immunity
a: no special abilities


You were on level 2 of the Dungeon.
You were not hungry.

You visited 1 branch of the dungeon, and saw 2 of its levels.

You collected 59 gold pieces.

Inventory:

Hand Weapons
 a - a +0 quarterstaff (weapon)
Missiles
 d - 3 throwing nets (quivered)
Armour
 c - a +0 helmet (worn)
 i - a +1 scale mail of poison resistance (worn)
Scrolls
 b - a scroll of enchant weapon {unknown}
 e - a scroll of amnesia {unknown}
 g - a scroll of blinking {unknown}
 j - a scroll of teleportation {unknown}
 k - a scroll of random uselessness {unknown}
 l - a scroll of identify {unknown}
 o - a scroll of magic mapping {unknown}
Potions
 h - a potion of invisibility {unknown}
 m - a potion of berserk rage {unknown}
 n - a potion of curing {unknown}
Comestibles
 f - 3 rations


   Skills:
 + Level 2.8 Fighting
 * Level 3.9 Staves
 - Level 1.7 Throwing
 + Level 1.6 Armour
 + Level 3.3 Dodging


You had 3 spell levels left.
You didn't know any spells.
Your spell library was empty.

Dungeon Overview and Level Annotations

Branches:
Dungeon (2/15)

Altars:

Annotations:
D:2 Terence


Innate Abilities, Weirdness & Mutations

You are immune to rotting.


Message History

You hit the goblin.
The goblin is severely wounded.
The goblin hits you but does no damage.
Terence hits you from afar with a +0 trident.
* * * LOW HITPOINT WARNING * * *
You hit the goblin.
You kill the goblin!
Terence bares his teeth.
Terence hits you from afar with a +0 trident.
* * * LOW HITPOINT WARNING * * *
Terence barely misses you.
Things that are here:
a +0 club; a goblin corpse You closely miss Terence.
Terence is severely wounded.
Terence closely misses you.
You hit Terence.
Terence is almost dead.
Terence hits you with a +0 trident.
You die...

###.....................
#.......g.#.#...##.####.
#........#..#####.# #.
##.......#...## #.####.
#..####...#..# #......
##...##†.###.# #......
###.#...#...# #......
#..@.#.....###......
......#@###.............
...## #.# #....#.#......
. #..##....#........
...##)##.##.......
##...#.##.##.#....#
##....##.##.#...##
###...#.##.#...#
##.##....#...#
#.####÷.#...#


You could see Terence.

Vanquished Creatures
  A hound (D:2)
  4 adders
  2 worms (D:2)
  4 dart slugs
  A leopard gecko (D:1)
  4 bats
  2 giant cockroaches (D:2)
  4 goblins
  6 hobgoblins
  3 jackals (D:1)
  8 kobolds
  5 frilled lizards
  12 rats
56 creatures vanquished.

Vanquished Creatures (others)
  A hobgoblin (D:1)
1 creature vanquished.

Grand Total: 57 creatures vanquished

Notes
Turn   | Place    | Note
-------+----------+-------------------------------------------
     0 | D:1      | diana the Demonspawn Gladiator began the quest for the Orb.
     0 | D:1      | Reached XP level 1. HP: 16/16 MP: 1/1
   244 | D:1      | Gained mutation: You are immune to rotting. [demonic
                  | ancestry]
   244 | D:1      | Reached XP level 2. HP: 14/22 MP: 2/2
   731 | D:1      | Reached XP level 3. HP: 28/28 MP: 3/3
   850 | D:1      | Reached skill level 1 in Armour
   997 | D:2      | Reached XP level 4. HP: 27/34 MP: 4/4
  1033 | D:2      | HP: 2/51 [frilled lizard (1)]
  1461 | D:2      | Noticed Terence
  1511 | D:2      | Slain by Terence

Skill      XL: |  1  2  3 |
---------------+----------+-----
Staves         | 3 |  3.9
Dodging        | 3 |  3.3
Armour         | 1 |  1.6
Fighting       | |  2.8
Throwing       | |  1.7

Action                   |  1- 3 |  4- 6 || total
-------------------------+-------+-------++-------
Melee: Quarterstaff      |   120 |    84 ||   204
  Use: Potion            |       |     1 ||     1
  Eat: Ration            |       |     1 ||     1
Armor: Leather armour    |    17 |       ||    17
       Scale mail        |    44 |    42 ||    86
       Skin              |       |    23 ||    23
Dodge: Dodged            |   108 |    70 ||   178
